 Dungeon Crawl Stone Soup version 0.27.1-34-g3ba077fa99 (webtiles) character file.

Game seed: 16091446488529149694

52 Delamore the Sneak (level 3, -2/24 HPs)
             Began as an Octopode Brigand on Feb 11, 2022.
             Slain by a gnoll (5 damage)
             ... on level 2 of the Dungeon.
             The game lasted 00:01:01 (1075 turns).

Delamore the Sneak (Octopode Brigand)               Turns: 1075, Time: 00:01:01

Health: -2/24      AC:  1    Str: 10    XL:     3   Next: 85%
Magic:  3/3        EV: 12    Int: 13    God:
Gold:   22         SH:  0    Dex: 14    Spells: 2/2 levels left

rFire    . . .     SeeInvis .   a - +2 dagger (flame)
rCold    . . .     Faith    .   (no shield)
rNeg     . . .     Spirit   .   (helmet restricted)
rPois    .         Reflect  .   (no amulet)
rElec    .         Harm     .   (no ring)
rCorr    .         Rampage  .   (no ring)
Will     .....                  (no ring)
Stlth    ++++......             (no ring)
HPRegen  0.08/turn              (no ring)
MPRegen  0.08/turn              (no ring)
                                (no ring)
                                (no ring)

@: no status effects
A: almost no armour, amphibious, 8 rings, camouflage 1, gelatinous body 1,
(nimble swimmer 1), tentacles
a: no special abilities


You were on level 2 of the Dungeon.
You visited 1 branch of the dungeon, and saw 2 of its levels.

You collected 22 gold pieces.

Inventory:

Hand Weapons
 a - a +2 dagger of flaming (weapon)
Missiles
 b - 8 poisoned darts (quivered)
 c - 2 curare-tipped darts
Scrolls
 f - a scroll of magic mapping
 g - a scroll of amnesia
 i - a scroll of noise {unknown}
Potions
 h - a potion of attraction {unknown}


   Skills:
 - Level 2.0 Fighting
 + Level 2.8 Short Blades
 - Level 2.0 Throwing
 - Level 1.0 Dodging
 * Level 6.8 Stealth


You had 2 spell levels left.
You didn't know any spells.
Your spell library was empty.

Dungeon Overview and Level Annotations

Branches:
Dungeon (2/15)

Altars:

Shops:
D:1 *


Innate Abilities, Weirdness & Mutations

You cannot wear most types of armour.
You are amphibious.
You can wear up to eight rings at the same time.
Your skin changes colour to match your surroundings (Stealth+).
Your rubbery body absorbs attacks. (AC +1, EV +1)
((You are camouflaged near water. (Stealth+)))
You have tentacles for arms and can constrict up to eight enemies at once.


Message History

It is a scroll of brand weapon.
Your +2 dagger is engulfed in flames!
a - a +2 dagger of flaming (weapon)
As you read the scroll of identify, it crumbles to dust.
g - a scroll of amnesia An endoplasm comes into view.
An endoplasm is nearby!
An endoplasm is nearby!
Jessica the Apprentice Sorceress comes into view.
She is wielding a +0 club.
A worm comes into view.
Found an escape hatch in the floor.
Found a stone staircase leading down.
Found a metallic emerald potion and 18 stones.
The helpless endoplasm fails to defend itself.
You impale the endoplasm!! You burn the endoplasm.
You kill the endoplasm!
A kobold comes into view. It is wielding a +0 dagger.
The helpless Jessica fails to defend herself.
You impale Jessica!! You burn Jessica.
You kill Jessica!
Things that are here:
a +0 club; a +0 robe; the human corpse of Jessica A gnoll comes into view.
It is wielding a +0 halberd.
The gnoll shouts!
You hear a shout!
A gnoll comes into view. It is wielding a +0 flail.
The gnoll moves out of view.
A gnoll comes into view. It is wielding a +0 club.
The gnoll hits you with a +0 halberd!
Ouch! That really hurt!
You are too injured to fight recklessly!
You are too injured to fight recklessly!
You are too injured to fight recklessly!
You are too injured to fight recklessly!
You are too injured to fight recklessly!
The gnoll hits you from afar with a +0 halberd!
* * * LOW HITPOINT WARNING * * *
Things that are here:
a +0 club; a +0 robe; the human corpse of Jessica
There is a stone staircase leading up here.
The gnoll hits you from afar with a +0 halberd.
You die...

#######
#@....#
#.....#
#g....#
#.....#
#[g...#
#.....#
#.g..†#
###.###
#.#
####


You could see 3 gnolls.

Vanquished Creatures
  Jessica (D:2)
  A dart slug (D:1)
  An endoplasm (D:2)
  3 giant cockroaches (D:1)
  A goblin (D:1)
  A hobgoblin (D:2)
  3 kobolds (D:1)
  A quokka (D:1)
  A ball python (D:1)
  4 bats (D:1)
  4 frilled lizards (D:1)
  3 rats (D:1)
24 creatures vanquished.

Notes
Turn   | Place    | Note
-------+----------+-------------------------------------------
     0 | D:1      | Delamore the Octopode Brigand began the quest for the Orb.
     0 | D:1      | Reached XP level 1. HP: 14/14 MP: 1/1
   181 | D:1      | Found Caruo's General Store.
   199 | D:1      | Reached XP level 2. HP: 19/19 MP: 2/2
   423 | D:1      | Reached skill level 6 in Stealth
   855 | D:1      | Reached XP level 3. HP: 24/24 MP: 3/3
  1041 | D:2      | Noticed Jessica
  1049 | D:2      | Killed Jessica
  1056 | D:2      | HP: 1/24 [gnoll (11)]
  1075 | D:2      | Slain by a gnoll

Illustrated notes

Levels and vault maps discovered:
D:1:      lemuel_arrival_funnel, layout_loops_ring, serial_shops,
          nicolae_shop_trees, patterned_corridor
D:2:      cheibrodos_helix_gallery, layout_loops_cross,
          chequers_ecumenical_altar_simple, kennysheep_potato, uniq_jessica

Skill      XL: |  1  2 |
---------------+-------+-----
Stealth        | 6 |  6.8
Fighting       | |  2.0
Short Blades   | |  2.8
Throwing       | |  2.0
Dodging        | |  1.0

Action                   || total
-------------------------++-------
Melee: Dagger            ||    38
       Constrict         ||     6
       Tentacles         ||     1
  Use: Scroll            ||     3
 Stab: Sleeping          ||    15
Armor: Skin              ||     7
Dodge: Dodged            ||    10
